Selects Australian Defense Battlegroup
Selects Australian Light Infantry Section
Australian Light Infantry Section
Construct Section Command Post
Selects Defensive Tactics
Construct Platoon Command Post
6-pounder Anti-tank Gun Team
Construct Field Infirmary
6-pounder Anti-tank Gun Team
Unlock M3 Stuart Light Tanks
Selects CMP 15cwt Supply Run
Selects Reinforced Resource Caches
Construct Company Command Post
Selects Archer Tank Destroyer
Unlock Towed 17-pounder Anti-tank Guns
17-pounder Anti-tank Gun Team